 Dungeon Crawl Stone Soup version 0.30-a0-830-gfe289a77b0 (webtiles) character file.

Game seed: 6693636918126673154

5131 Nacht the Destroyer (level 10, -10/63 HPs)
             Began as a Demonspawn Earth Elementalist on Feb 28, 2023.
             Was a Believer of Vehumet.
             Mangled by an ogre
             ... wielding a +0 giant club
              (18 damage)
             ... on level 9 of the Dungeon.
             The game lasted 00:10:56 (11062 turns).

Nacht the Destroyer (DsEE)                         Turns: 11062, Time: 00:10:57

Health: -10/63     AC:  9    Str:  9    XL:     10   Next: 33%
Magic:  16/21      EV: 12    Int: 20    God:    Vehumet [**....]
Gold:   337        SH:  6    Dex: 17    Spells: 17/23 levels left

rFire   + . .      SeeInvis .    J - +4 dagger (flame)
rCold   . . .      Faith    .    (no shield)
rNeg    . . .      Spirit   .    a - +0 robe
rPois   .          Reflect  .    (no helmet)
rElec   .          Harm     .    (no cloak)
rCorr   .          Rampage  .    F - +2 pair of gloves {Dex+3}
Will    .....                    (no boots)
Stlth   ++                       t - amulet of magic regeneration
HPRegen 0.30/turn                L - +4 ring of protection
MPRegen 0.57/turn                c - ring of protection from fire

@: no status effects
A: hooves 2, large bone plates 2, powered by pain 1
a: Renounce Religion


You were on level 9 of the Dungeon.
You worshipped Vehumet.
Vehumet was pleased with you.
You visited 2 branches of the dungeon, and saw 10 of its levels.
You also visited: Sewer.

You collected 337 gold pieces.

Inventory:

Hand Weapons
 J - a +4 dagger of flaming (weapon)
Missiles
 q - 45 poisoned darts
 A - 2 throwing nets
Armour
 a - a +0 robe (worn)
 F - a +2 pair of gloves of dexterity (worn)
Magical Staves
 M - a staff of air
Jewellery
 c - a ring of protection from fire (right hand)
 e - a +4 ring of slaying
 k - an amulet of faith
 t - an amulet of magic regeneration (around neck)
 C - a ring of wizardry
 D - a ring of resist corrosion
 L - a +4 ring of protection (left hand)
Wands
 u - a wand of mindburst (3)
 H - a wand of paralysis (14)
Scrolls
 d - 3 scrolls of magic mapping {unknown}
 f - a scroll of brand weapon {unknown}
 i - 2 scrolls of vulnerability {unknown}
 j - a scroll of noise {unknown}
 l - 5 scrolls of amnesia {unknown}
 m - a scroll of butterflies {unknown}
 s - a scroll of silence {unknown}
 w - a scroll of enchant armour {unknown}
 y - 2 scrolls of teleportation {unknown}
 B - 3 scrolls of torment {unknown}
 K - a scroll of blinking {unknown}
Potions
 b - a potion of ambrosia
 g - a potion of heal wounds
 h - 5 potions of curing
 n - 5 potions of brilliance
 o - 3 potions of mutation
 p - 2 potions of invisibility
 r - 4 potions of haste
 v - 2 potions of attraction {unknown}
 x - 2 potions of might {unknown}
 z - 2 potions of cancellation
 E - 3 potions of degeneration {unknown}
 G - 4 potions of lignification {unknown}
 I - 2 potions of resistance {unknown}


   Skills:
 - Level 1.7 Dodging
 - Level 1.7 Stealth
 + Level 7.4 Spellcasting
 + Level 9.2 Conjurations
 - Level 0.8 Transmutations
 + Level 9.1 Earth Magic


You had 17 spell levels left.
You knew the following spells:

 Your Spells              Type           Power      Damage    Failure   Level
a - Sandblast             Erth           88%        2d18      1%          1
b - Stone Arrow           Conj/Erth      88%        3d12      1%          3
w - Passwall              Tmut/Erth      22%        N/A       1%          2

Your spell library contained the following spells:

 Spells                   Type           Power      Damage    Failure   Level
 Foxfire                  Conj/Fire      100%       2x1d9     1%          1
 Slow                     Hex            28%        N/A       9%          1
 Petrify                  Tmut/Erth      27%        N/A       12%         4
 Confusing Touch          Hex            7%         N/A       26%         3
 Gell's Gravitas          Tloc           7%         N/A       26%         3
 Kindle Blastsparks       Fire/Tloc/Air  14%        2d11      26%         3
 Teleport Other           Tloc           7%         N/A       26%         3
 Vampiric Draining        Necr           7%         2d6       26%         3
 Manifold Assault         Tloc           7%         N/A       65%         4
 Yara's Violent Unravell  Hex/Tmut       4%         3d4       91%         5
 Dispersal                Tloc           3%         N/A       100%        6
 Necromutation            Tmut/Necr      4%         N/A       100%        8


Dungeon Overview and Level Annotations

Branches:
Dungeon (9/15)             Temple (1/1) D:7             Orc (0/2) D:9
  Sewer (visited)
   Lair: D:8-11

Altars:
Ashenzari
Cheibriados
Dithmenos
Fedhas
Gozag
Hepliaklqana
Kikubaaqudgha
Makhleb
Nemelex Xobeh
Okawaru
Qazlal
Ru
Sif Muna
Trog
Uskayaw
Vehumet
Wu Jian
Xom
Yredelemnul

Annotations:
D:4 1 runed translucent door, Ghostmaker01's ghost, amateur MiFi


Innate Abilities, Weirdness & Mutations

You have hoof-like feet.
You are mostly covered in large bone plates. (SH +6)
You sometimes gain a little power by taking damage.


Message History

You kill the kobold brigand!
Vehumet accepts your kill.
You feel your power returning.
The gnoll sergeant hits you from afar with a +0 spear!
Casting: Stone Arrow (safe; 1% risk of failure)
Confirm with . or Enter, or press ? or * to list all spells.
Aiming: Stone Arrow (safe; 1% risk of failure)
Press: ? - help, Shift-Dir - straight line, f - orc warrior
Aim: an orc warrior, wielding a +0 war axe and wearing a +0 plate armour (76% to hit)
The stone arrow hits the orc warrior!
The orc warrior is heavily wounded.
The gnoll sergeant completely misses you.
Casting: Stone Arrow (safe; 1% risk of failure)
Confirm with . or Enter, or press ? or * to list all spells.
Aiming: Stone Arrow (safe; 1% risk of failure)
Press: ? - help, Shift-Dir - straight line, f/p - orc warrior
Aim: an orc warrior, wielding a +0 war axe and wearing a +0 plate armour (heavily wounded, 76% to hit)
The stone arrow hits the orc warrior!!
You kill the orc warrior!
Vehumet accepts your kill.
The orc warrior unwields a +0 hand axe.
The orc warrior wields a +0 arbalest.
The orc warrior shoots a bolt.
The bolt hits you!
You focus on the pain.
You feel your power returning.
Casting: Stone Arrow (safe; 1% risk of failure)
Confirm with . or Enter, or press ? or * to list all spells.
Aiming: Stone Arrow (safe; 1% risk of failure)
Press: ? - help, Shift-Dir - straight line, f - ogre
Aim: an ogre, wielding a +0 giant club (89% to hit)
The stone arrow misses the ogre.
The gnoll sergeant barely misses you. The ogre hits you with a +0 giant club!
* * * LOW HITPOINT WARNING * * *
Casting: Stone Arrow (safe; 1% risk of failure)
Confirm with . or Enter, or press ? or * to list all spells.
Aiming: Stone Arrow (safe; 1% risk of failure)
Press: ? - help, Shift-Dir - straight line, f/p - ogre
Aim: an ogre, wielding a +0 giant club (89% to hit)
The stone arrow misses the ogre.
The gnoll sergeant hits you but does no damage.
The ogre hits you with a +0 giant club!!
You die...

....# #.##.#.#.# #.# #.#
.... #.##.#.#.# #.# #.#
.... #)##.#.#.###.# #.#
#######.##.#.....#.# #.#
........##.....#.#.# #.#
#.......######.#.#.# #.#
#.......#### #.#.#.#####.#
#.......'..#######.......#
#.......##.....O@..#####.#
#.......######g###....)..#
#####.###


8og ######.## #####.# #Kgg #.......# #### ...##.# #OoK #.####..# #.#<.. ......##
#..O #.# #..# #.#### .......### #8.. #.####..# #.# # ...#.....# #######.#..#..#
#.# # ....)....# #.#.#.#<.#..# #.# # You could see an orc warrior, a kobold
brigand, an ogre and a gnoll sergeant.

Vanquished Creatures
  Grinder (D:6)
  Sigmund (D:2)
  Eustachio (D:6)
  A steam dragon (D:8)
  Grum (D:8)
  Menkaure (D:4)
  Edmund (D:4)
  An acid dragon (D:8)
  3 ice beasts
  5 orc warriors
  An ogre (D:5)
  3 wolves (D:8)
  A centaur (D:9)
  A phantom (D:5)
  3 bullfrogs
  5 kobold brigands
  5 scorpions
  9 wights
  8 killer bees
  A howler monkey (D:8)
  A jelly (D:8)
  9 orc priests
  2 hounds (D:6)
  A gnoll bouda (D:4)
  5 iguanas
  10 orc wizards
  13 gnolls
  9 adders
  4 river rats (Sewer)
  An ufetubus (D:4)
  3 worms
  A dart slug (D:2)
  43 orcs
  14 ball pythons
  8 bats
  9 endoplasms
  2 giant cockroaches
  10 goblins
  5 hobgoblins
  4 jackals (D:1)
  4 quokkas
  2 frilled lizards
  26 kobolds
  5 rats
244 creatures vanquished.

Notes
Turn   | Place    | Note
-------+----------+-------------------------------------------
     0 | D:1      | Nacht the Demonspawn Earth Elementalist began the quest for
                  | the Orb.
     0 | D:1      | Reached XP level 1. HP: 13/13 MP: 3/3
   187 | D:1      | Gained mutation: You are partially covered in large bone
                  | plates. (SH +4) [demonic ancestry]
   187 | D:1      | Reached XP level 2. HP: 4/19 MP: 0/5
   502 | D:1      | Got Acicki's Omnibus of Remoulded Direction
   878 | D:1      | Reached XP level 3. HP: 24/24 MP: 4/6
   973 | D:1      | Learned a level 2 spell: Passwall
   977 | D:1      | Learned a level 3 spell: Stone Arrow
  1179 | D:2      | Noticed Sigmund
  1186 | D:2      | Killed Sigmund
  1187 | D:2      | Reached skill level 5 in Earth Magic
  1187 | D:2      | Reached XP level 4. HP: 22/30 MP: 2/7
  1187 | D:2      | Gained mutation: You are mostly covered in large bone
                  | plates. (SH +6) [demonic ancestry]
  1187 | D:2      | Reached XP level 5. HP: 26/35 MP: 2/8
  1672 | D:3      | Found a sacrificial altar of Ru.
  1697 | D:3      | Found a glowing drain.
  1715 | Sewer    | Entered a sewer
  2165 | Sewer    | Reached XP level 6. HP: 41/41 MP: 5/9
  4174 | D:4      | Reached skill level 1 in Conjurations
  4174 | D:4      | Reached XP level 7. HP: 46/46 MP: 8/10
  4234 | D:4      | Noticed Edmund
  4240 | D:4      | Killed Edmund
  4353 | D:4      | Noticed Menkaure
  4358 | D:4      | Killed Menkaure
  4392 | D:4      | Found a stormy altar of Qazlal.
  4761 | D:4      | Found a shadowy altar of Dithmenos.
  4762 | D:4      | Found an ancient bone altar of Kikubaaqudgha.
  4762 | D:4      | Found a shimmering blue altar of Sif Muna.
  4864 | D:4      | Found a runed translucent door.
  4864 | D:4      | Noticed Ghostmaker01's ghost (amateur MiFi)
  4992 | D:5      | Entered Level 5 of the Dungeon
  5400 | D:5      | Gained mutation: You have large cloven feet. [demonic
                  | ancestry]
  5400 | D:5      | Reached XP level 8. HP: 40/52 MP: 3/13
  5521 | D:5      | Reached skill level 5 in Conjurations
  5651 | D:5      | Found a radiant altar of Vehumet.
  6273 | D:6      | Noticed Grinder
  6279 | D:6      | Paralysed by Grinder for 2 turns
  6283 | D:6      | Killed Grinder
  6373 | D:6      | Reached skill level 5 in Spellcasting
  6496 | D:6      | Noticed Eustachio
  6526 | D:6      | Killed Eustachio
  6527 | D:6      | Gained mutation: You have hoof-like feet. [demonic
                  | ancestry]
  6527 | D:6      | Reached XP level 9. HP: 32/57 MP: 10/16
  8023 | D:7      | Found a staircase to the Ecumenical Temple.
  8052 | Temple   | Entered the Ecumenical Temple
  8248 | D:5      | Became a worshipper of Vehumet
  9777 | D:8      | Found a snail-covered altar of Cheibriados.
  9918 | D:8      | Noticed Grum
  9928 | D:8      | Killed Grum
  9928 | D:8      | Reached * piety under Vehumet
  9928 | D:8      | Offered knowledge of Freeze by Vehumet.
  9929 | D:8      | Gained mutation: You sometimes gain a little power by
                  | taking damage. [demonic ancestry]
  9929 | D:8      | Reached XP level 10. HP: 31/63 MP: 14/20
 11006 | D:9      | Offered knowledge of Foxfire by Vehumet.
 11049 | D:9      | Found a staircase to the Orcish Mines.
 11057 | D:9      | Reached ** piety under Vehumet
 11062 | D:9      | Mangled by an ogre

Illustrated notes

Levels and vault maps discovered:
D:1:      dpeg_arrival_fog, layout_loops_ring
D:2:      layout_rooms, uniq_sigmund
D:3:      layout_basic, mainiacjoe_overflow_brackets,
          cheibrodos_sewer_entry_sluice, chequers_serial_rivers_small_b,
          item_on_display_a
D:4:      layout_layer_cave, chequers_temple_overflow_statue_of_worship,
          gammafunk_temple_overflow_forgotten, hellmonk_ghost_happy_afterlife,
          uniq_menkaure, uniq_edmund
D:5:      layout_loops_corners, nicolae_overflow_hidden_temple
D:6:      layout_layer_cave, uniq_grinder, uniq_eustachio
D:7:      layout_cave_pods, minmay_temple_entry_slanted
D:8:      layout_loops_cross, lemuel_tele_altar, uniq_grum
D:9:      layout_basic, kennysheep_orc_monster_closet_entryway
Temple:   compressed_dpeg_circular_temple

Skill      XL: |  1  2  3  4  5  6  7  8  9 10 |
---------------+-------------------------------+-----
Earth Magic    | 3 5 6 7 8 9 |  9.1
Conjurations   | 1 4 7 8 9 |  9.2
Spellcasting   | 3 5 6 7 |  7.4
Dodging        | |  1.7
Stealth        | |  1.7
Transmutations | |  0.8

Action                     |  1- 3 |  4- 6 |  7- 9 | 10-12 || total
---------------------------+-------+-------+-------+-------++-------
  Melee: Unarmed           |    10 |       |       |       ||    10
         Dagger            |       |     6 |       |       ||     6
   Cast: Sandblast         |    48 |   102 |   147 |    47 ||   344
         Stone Arrow       |       |     2 |    77 |    30 ||   109
    Use: Potion            |     1 |     1 |     1 |       ||     3
         Scroll            |       |       |       |     7 ||     7
 Armour: Robe              |    12 |     4 |    19 |    15 ||    50
  Dodge: Dodged            |    26 |    39 |    58 |    30 ||   153
  Block: Other             |     6 |    19 |    32 |    12 ||    69

Table legend: (Time is in decaauts)
 A = Elapsed time spent in this place.
 B = Non-inter-level travel time spent in this place.
 C = Inter-level travel time spent in this place.
 D = Time resting spent in this place.
 E = Time spent auto-exploring this place.
 F = Levels seen in this place.
 G = Mean time per level.
                   A        B        C        D        E       F      G
               +--------+--------+--------+--------+--------+-----+--------+
         Total |  11376 |  10952 |    424 |      0 |   9288 |  11 | 1034.2 |
       Dungeon |  10078 |   9662 |    416 |      0 |   8271 |   9 | 1119.8 |
        Temple |     97 |     89 |      8 |      0 |     63 |   1 |   97.0 |
         Sewer |   1200 |   1200 |      0 |      0 |    953 |   1 | 1200.0 |
               +--------+--------+--------+--------+--------+-----+--------+

Top non-repeatable levels by time:
     D:6: 1792 daAuts
     D:8: 1503 daAuts
     D:3: 1314 daAuts
   Sewer: 1200 daAuts
     D:7: 1180 daAuts
     D:4: 1095 daAuts
     D:5: 1046 daAuts
     D:1: 994 daAuts
     D:2: 613 daAuts
     D:9: 538 daAuts
  Temple: 97 daAuts
